 Dungeon Crawl Stone Soup version 0.30-a0-311-gf115ab0292 (webtiles) character file.

Game seed: 18440212963609806025

2615 koil the Sneak (level 9, -2/46 HPs)
             Began as a Spriggan Hunter on Oct 25, 2022.
             Was an Initiate of Makhleb.
             Shot with an arrow by a centaur (12 damage)
             ... on level 7 of the Dungeon.
             The game lasted 00:22:36 (6170 turns).

koil the Sneak (Spriggan Hunter)                    Turns: 6170, Time: 00:22:37

Health: -2/46      AC:  5    Str:  7    XL:     9   Next: 34%
Magic:  18/18      EV: 23    Int: 17    God:    Makhleb [......]
Gold:   334        SH:  0    Dex: 22    Spells: 16/19 levels left

rFire   . . .      SeeInvis +    a - +2 shortbow
rCold   . . .      Faith    .    (shield currently unavailable)
rNeg    . . .      Spirit   .    c - +0 robe
rPois   +          Reflect  .    (helmet restricted)
rElec   .          Harm     .    r - +2 cloak
rCorr   .          Rampage  .    (gloves unavailable)
Will    +....                    (boots unavailable)
Stlth   ++++......               (no amulet)
HPRegen 0.27/turn                f - ring of poison resistance
MPRegen 0.16/turn                h - +6 ring of intelligence

@: very quick
A: very small, no large weapons, unfitting armour, see invisible, speed 3
a: Renounce Religion


You were on level 7 of the Dungeon.
You worshipped Makhleb.
Makhleb was noncommittal.
You visited 2 branches of the dungeon, and saw 8 of its levels.
You also visited: Ossuary.

You collected 334 gold pieces.

Inventory:

Hand Weapons
 a - a +2 shortbow (weapon)
 b - a +0 dagger
 n - the +8 sling "Sioca" {speed, rC+ Int+6 Dex-4 SInv}
   (You found it on level 6 of the Dungeon)

   Attacks with this weapon are significantly faster.
   Int:       It affects your intelligence (+6).
   Dex:       It affects your dexterity (-4).
   rC:        It protects you from cold.
   SInv:      It lets you see invisible.
Missiles
 x - 8 poisoned darts
Armour
 c - a +0 robe (worn)
 i - a +0 robe
 j - a +0 robe
 m - a +0 robe
 r - a +2 cloak (worn)
Jewellery
 f - a ring of poison resistance (left hand)
 h - a +6 ring of intelligence (right hand)
 q - a +6 ring of intelligence
 s - a +4 ring of slaying
 w - a ring of ice
Wands
 C - a wand of polymorph (6)
Scrolls
 e - a scroll of magic mapping
 g - 3 scrolls of identify
 k - 3 scrolls of immolation
 u - 3 scrolls of fear
 v - a scroll of summoning
 y - a scroll of enchant armour
 A - 3 scrolls of teleportation
Potions
 d - a potion of mutation
 l - 6 potions of curing
 p - a potion of brilliance
 t - 6 potions of haste
 D - a potion of magic


   Skills:
 + Level 4.5 Fighting
 + Level 6.5 Ranged Weapons
 + Level 7.0 Dodging
 - Level 7.0 Stealth
 + Level 5.9 Spellcasting
 + Level 2.0 Summonings
 + Level 4.2 Necromancy
 + Level 3.2 Evocations


You had 16 spell levels left.
You knew the following spells:

 Your Spells              Type           Power      Damage    Failure   Level
a - Sublimation of Blood  Necr           19%        N/A       3%          2
b - Summon Small Mammal   Summ           44%        N/A       6%          1

Your spell library contained the following spells:

 Spells                   Type           Power      Damage    Failure   Level
 Beastly Appendage        Tmut           10%        N/A       13%         1
 Call Canine Familiar     Summ           11%        N/A       17%         3
 Wereblood                Tmut           5%         N/A       21%         2
 Summon Guardian Golem    Hex/Summ       8%         N/A       26%         3
 Dazzling Flash           Conj/Hex       10%        N/A       36%         3
 Portal Projectile        Hex/Tloc       10%        N/A       36%         3
 Spider Form              Tmut/Pois      5%         N/A       36%         3
 Agony                    Necr           19%        N/A       54%         5
 Leda's Liquefaction      Hex/Erth       2%         N/A       78%         4
 Silence                  Hex/Air        2%         N/A       98%         5
 Summon Hydra             Summ           5%         N/A       100%        7


Dungeon Overview and Level Annotations

Branches:
Dungeon (7/15)             Temple (1/1) D:5         Ossuary (visited)

Altars:
Fedhas
Gozag
Hepliaklqana
Makhleb
Nemelex Xobeh
Okawaru
Qazlal
Ru
Sif Muna
Uskayaw
Wu Jian
Xom
Yredelemnul
The Shining One

Shops:
D:2 (   D:4 (   D:6 (

Annotations:
D:7 Maggie


Innate Abilities, Weirdness & Mutations

You are very small and have problems with some larger weapons.
You are too small for most types of armour.
You have supernaturally acute eyesight. (SInv)
You cover ground extremely quickly. (Speed+++)


Message History

Maggie barely misses you.
The howler monkey completely misses you.
The centaur closely misses you. The centaur completely misses you.
You hear a shout!
You hear an angry buzzing noise.
You're too confused to move!
The howler monkey hits you. The centaur barely misses you. x2
Maggie casts a spell at you. The bolt of fire misses you.
A centaur comes into view. It is wielding a +0 shortbow.
The howler monkey closely misses you.
The howler monkey completely misses you.
The centaur wields a +0 shortbow.
The centaur shoots an arrow.
The arrow barely misses you.
The arrow hits the centaur!
Unknown command.
The centaur unwields a +0 shortbow.
The centaur misses you. The centaur completely misses you.
Unknown command.
The howler monkey hoots and howls with incredible vigour!
The centaur shoots an arrow.
The arrow closely misses you.
The centaur wields a +0 shortbow.
The centaur shoots an arrow.
The arrow misses you.
Unknown command.
You feel less invigorated.
You feel less confused.
The centaur shoots an arrow.
The arrow hits you!
The centaur shoots an arrow.
The arrow hits you.
Unknown command.
You cannot move away from Maggie!
You cannot move away from Maggie!
You cannot move away from Maggie!
You cannot move away from Maggie!
You cannot move away from Maggie!
You break out of your daze.
The centaur shoots an arrow.
The arrow completely misses you.
The howler monkey completely misses you.
Maggie completely misses you.
The centaur shoots an arrow.
The arrow hits you!
* * * LOW HITPOINT WARNING * * *
The centaur shoots an arrow.
The arrow completely misses you.
The centaur shoots an arrow.
The arrow hits you!
You die...

###...#####.## # #....
.#.....#.....###. ....#
......##.....#..##....
......#.....##...(....
.............##....#
..................### #.
...................<# ..
................##..#.# .
................@.....##..
...............h...##.....
#..........c##.c..###.....
#...........h@.....#......
.............##.........#.
...........###..........
..........###...†.......
....##...## #..)........
... ##..####.......#...


You could see Maggie, 2 centaurs and 2 howler monkeys.

Vanquished Creatures
  Prince Ribbit (D:5)
  A wraith (Ossuary)
  A water moccasin (D:5)
  The ghost of valliere the Trooper, an amateur OgMo (D:3)
  A sky beast (D:6)
  3 ice beasts (D:6)
  3 black bears
  3 centaurs
  2 phantoms
  A kobold brigand (D:6)
  A bullfrog (D:7)
  A gnoll sergeant (D:5)
  4 scorpions
  5 hounds
  A jelly (D:5)
  3 iguanas
  6 orc wizards
  A mummy (Ossuary)
  5 adders
  3 gnolls (D:5)
  A worm (D:5)
  3 dart slugs
  14 orcs
  4 ball pythons
  3 bats
  2 endoplasms (D:1)
  3 giant cockroaches
  10 goblins
  5 hobgoblins
  16 jackals
  11 kobolds
  A frilled lizard (D:3)
  5 gnoll skeletons (Ossuary)
  8 kobold skeletons (Ossuary)
  12 orc skeletons (Ossuary)
  7 rats
152 creatures vanquished.

Notes
Turn   | Place    | Note
-------+----------+-------------------------------------------
     0 | D:1      | koil the Spriggan Hunter began the quest for the Orb.
     0 | D:1      | Reached XP level 1. HP: 10/10 MP: 2/2
   250 | D:1      | Reached XP level 2. HP: 14/15 MP: 2/4
   376 | D:1      | Reached skill level 1 in Spellcasting
   800 | D:2      | Found Necatur's Weapon Boutique.
   835 | D:2      | Reached XP level 3. HP: 7/18 MP: 5/5
  1174 | D:2      | Reached XP level 4. HP: 23/23 MP: 7/7
  1364 | D:3      | Learned a level 2 spell: Sublimation of Blood
  1620 | D:3      | Reached XP level 5. HP: 25/27 MP: 9/9
  1900 | D:3      | Found a large runed translucent door.
  1901 | D:3      | Found a large runed translucent door.
  1903 | D:3      | Noticed valliere's ghost (amateur OgMo)
  1972 | D:3      | Killed valliere's ghost
  1973 | D:3      | Reached skill level 1 in Necromancy
  2072 | D:4      | Noticed a phantom
  2123 | D:4      | Killed a phantom
  2124 | D:4      | Reached XP level 6. HP: 32/32 MP: 11/11
  2127 | D:4      | Found Giceom Gut's Antique Weapon Boutique.
  2331 | D:4      | Found a sand-covered staircase.
  2345 | Ossuary  | Entered an ossuary
  2345 | Ossuary  | Noticed a wraith
  2345 | Ossuary  | Noticed a wraith
  2345 | Ossuary  | Noticed a wraith
  2368 | Ossuary  | Reached skill level 5 in Ranged Weapons
  2429 | Ossuary  | Noticed a wraith
  2629 | Ossuary  | Killed a wraith
  2630 | Ossuary  | Reached skill level 5 in Stealth
  2630 | Ossuary  | Reached XP level 7. HP: 36/36 MP: 11/13
  2727 | D:4      | You fall into a shaft and drop 1 floor!
  2727 | D:5      | Entered Level 5 of the Dungeon
  2785 | D:5      | Reached skill level 5 in Dodging
  3234 | D:5      | Found a staircase to the Ecumenical Temple.
  3473 | D:5      | Reached XP level 8. HP: 18/40 MP: 15/15
  3651 | D:5      | Noticed Prince Ribbit
  3668 | D:5      | Killed Prince Ribbit
  4083 | Temple   | Entered the Ecumenical Temple
  4370 | Temple   | Became a worshipper of Makhleb the Destroyer
  4373 | Temple   | Learned a level 1 spell: Summon Small Mammal
  4536 | D:6      | Reached skill level 5 in Spellcasting
  4539 | D:6      | Found Limeunoq's Antique Weapon Shop.
  4580 | D:6      | Reached skill level 1 in Evocations
  4891 | D:6      | Reached skill level 1 in Summonings
  5143 | D:6      | Reached XP level 9. HP: 14/45 MP: 18/18
  5957 | D:6      | Identified the +8 sling "Sioca" {speed, rC+ Int+6 Dex-4
                  | SInv}
  6133 | D:7      | Noticed Maggie
  6170 | D:7      | Shot with an arrow by a centaur

Illustrated notes

Levels and vault maps discovered:
D:1:      kennysheep_arrival_forest, layout_loops_ring
D:2:      layout_rooms, serial_shops, nicolae_diamond_shop
D:3:      layout_loops_ring, ebering_ghost_disaster_area
D:4:      layout_loops_ring, enter_ossuary_3, serial_shops,
          nicolae_shop_behind_doors, minmay_misc_feat_iff
D:5:      layout_basic, minmay_temple_entry_grid, st_stairs_13,
          hangedman_decor_lopped, lightli_minifort, uniq_prince_ribbit1
D:6:      layout_loops_corners, serial_shops, nicolae_shop_advertising_works
          [nicolae_subvault_shop_adworks], minmay_puff
D:7:      layout_cave_pools, uniq_maggie
Temple:   minmay_temple_curvy_branch

Skill      XL: |  1  2  3  4  5  6  7  8  9 |
---------------+----------------------------+-----
Stealth        | 2 3 4 5 6 7 |  7.0
Dodging        | 3 4 5 6 7 |  7.0
Spellcasting   | 1 2 3 4 5 |  5.9
Fighting       | 2 3 4 |  4.5
Necromancy     | 1 2 3 4 |  4.2
Ranged Weapons | 5 6 |  6.5
Evocations     | 2 3 |  3.2
Summonings     | 1 2 |  2.0

Action                   |  1- 3 |  4- 6 |  7- 9 || total
-------------------------+-------+-------+-------++-------
Melee: Dagger            |       |       |     1 ||     1
 Fire: Shortbow          |   107 |   184 |   298 ||   589
 Cast: Summon Small Mamm |       |       |     1 ||     1
  Use: Scroll            |       |       |    17 ||    17
       Potion            |       |       |     3 ||     3
 Stab: Sleeping          |       |       |     1 ||     1
Armor: Robe              |     8 |    10 |    25 ||    43
Dodge: Dodged            |    66 |    67 |   261 ||   394

Table legend: (Time is in decaauts)
 A = Elapsed time spent in this place.
 B = Non-inter-level travel time spent in this place.
 C = Inter-level travel time spent in this place.
 D = Time resting spent in this place.
 E = Time spent auto-exploring this place.
 F = Levels seen in this place.
 G = Mean time per level.
                   A        B        C        D        E       F      G
               +--------+--------+--------+--------+--------+-----+--------+
         Total |   4552 |   4440 |    112 |    154 |   3028 |   9 |  505.8 |
       Dungeon |   4011 |   3936 |     75 |    122 |   2820 |   7 |  573.0 |
        Temple |    267 |    230 |     37 |     32 |    153 |   1 |  267.0 |
       Ossuary |    272 |    272 |      0 |      0 |     54 |   1 |  272.0 |
               +--------+--------+--------+--------+--------+-----+--------+

Top non-repeatable levels by time:
     D:6: 1167 daAuts
     D:5: 1065 daAuts
     D:3: 567 daAuts
     D:1: 507 daAuts
     D:2: 369 daAuts
 Ossuary: 272 daAuts
  Temple: 267 daAuts
     D:4: 221 daAuts
     D:7: 113 daAuts
